 Dungeon Crawl Stone Soup version 0.25-a0-1036-g6f112fb28d (webtiles) character file.

Game seed: 16396649667843153150, levelgen mode: deterministic

553 Maedhros the Insei (level 7, -25/43 HPs)
             Began as an Octopode Artificer on May 13, 2020.
             Was a Plaything of Xom.
             Annihilated by an ogre
             ... wielding a +0 giant club
              (35 damage)
             ... on level 8 of the Dungeon.
             The game lasted 00:04:31 (645 turns).

Maedhros the Insei (Octopode Artificer)              Turns: 645, Time: 00:04:31

Health: -25/43     AC:  1    Str: 12    XL:     7   Next: 29%
Magic:  9/9        EV: 13    Int: 13    God:    Xom [..*...]
Gold:   61         SH:  0    Dex: 14    Spells: 6/6 levels left

rFire    . . .     SeeInvis .     - Unarmed
rCold    . . .     Gourm    .   (no shield)
rNeg     . . .     Faith    .   (helmet restricted)
rPois    .         Spirit   .   (no amulet)
rElec    .         Reflect  .   (no ring)
rCorr    .         Harm     .   (no ring)
MR       .....                  (no ring)
Stlth    ++........             (no ring)
HPRegen  0.14/turn              (no ring)
MPRegen  0.11/turn              (no ring)
                                (no ring)
                                (no ring)

@: confused, brilliant, hasted, very quick
A: almost no armour, stealthy swim, amphibious, 8 rings, constrict 8, camouflage
1, gelatinous body 1
a: Renounce Religion


You were on level 8 of the Dungeon.
You worshipped Xom.
You were a toy of Xom.
You were not hungry.

You visited 2 branches of the dungeon, and saw 7 of its levels.

You collected 61 gold pieces.

Inventory:

Hand Weapons
 k - a +0 hunting sling
 p - a cursed +0 hand crossbow
Missiles
 e - 18 bolts
 g - 17 poisoned darts (quivered)
 l - 13 sling bullets
Magical Staves
 a - an uncursed staff of summoning {unknown}
 o - an uncursed staff of wizardry {unknown}
Wands
 b - a wand of flame (4)
 c - a wand of enslavement (6)
 d - a wand of random effects (10)
Scrolls
 h - a scroll of amnesia {unknown}
 i - a scroll of magic mapping {unknown}
 m - 2 scrolls of remove curse {unknown}
Potions
 j - 2 potions of haste
Comestibles
 f - 3 rations


   Skills:
 - Level 1.0 Fighting
   Level 1.0 Short Blades
 - Level 2.0 Dodging
 - Level 4.0 Stealth
 + Level 6.9 Unarmed Combat
 - Level 3.2 Evocations


You had 6 spell levels left.
You didn't know any spells.
Your spell library was empty.

Dungeon Overview and Level Annotations

Branches:
Dungeon (8/15)             Temple (1/1) D:7            Lair (0/6) D:8

Altars:
Ashenzari
Dithmenos
Elyvilon
Fedhas
Gozag
Hepliaklqana
Kikubaaqudgha
Makhleb
Nemelex Xobeh
Okawaru
Qazlal
Trog
Wu Jian
Xom
Yredelemnul
Zin


Innate Abilities, Weirdness & Mutations

You cannot wear most types of armour.
You are very stealthy in the water. (Stealth+)
You are amphibious.
You can wear up to eight rings at the same time.
You can use your tentacles to constrict eight enemies at once.
Your skin changes colour to match your surroundings (Stealth+).
Your rubbery body absorbs attacks. (AC +1, EV +1)


Message History

Press: ? - help, Shift-Dir - straight line The ogre resists with significant effort.
The orc wizard shouts!
Your warg bites the gnoll!
The gnoll dies!
The orc hits you with a +0 short sword.
* * * LOW HITPOINT WARNING * * *
The orc wizard casts a spell at you.
You are confused.
You're too confused!
Okay, then.
Okay, then.
Your warg bites the orc!
The orc dies!
The orc warrior shouts!
A centaur skeleton comes into view.
The ogre hits you with a +0 giant club!!
Ouch! That really hurt!
You die...
Xom laughs nastily!

##...## ##..........
##.....# #..O........
###......####...##......
.#........##....# #.....
.......(..##...## ##.##
.....(().g.)ยง.## ##
.(...((...###).#####
.........## ##hO#..##
........## ##.@...#
.....(..# *#.....#
......(.## #......#
.........## #.oo...?#
......##..##.........#
......##..#...........#
.....####...............
....## ##..)Z..........
#..## #..g)........#


You could see an orc warrior, an ogre, an orc wizard, a centaur skeleton
(wandering) and a friendly warg (charmed).

Vanquished Creatures
  Pikel (D:7)
  A sky beast (D:5)
  A worker ant (D:4)
  A hound zombie (D:8)
  An adder (D:4)
  A jackal skeleton (D:8)
  A kobold (D:8)
7 creatures vanquished.

Vanquished Creatures (collateral kills)
  Joseph (D:7)
  A big kobold (D:8)
  An orc priest (D:8)
  2 gnolls (D:8)
  A leopard gecko (D:8)
  An orc (D:8)
  2 kobolds (D:8)
9 creatures vanquished.

Vanquished Creatures (others)
  Menkaure (D:7)
  2 orc wizards (D:8)
3 creatures vanquished.

Grand Total: 19 creatures vanquished

Notes
Turn   | Place    | Note
-------+----------+-------------------------------------------
     0 | D:1      | Maedhros the Octopode Artificer began the quest for the
                  | Orb.
     0 | D:1      | Reached XP level 1. HP: 13/13 MP: 3/3
    39 | D:2      | Noticed a worker ant
    40 | D:2      | You fall into a shaft and drop 2 floors!
    43 | D:4      | Noticed a worker ant
    93 | D:4      | Found a white marble altar of Elyvilon.
   105 | D:4      | Noticed a worker ant
   117 | D:4      | Killed a worker ant
   117 | D:4      | Reached XP level 2. HP: 18/18 MP: 4/4
   117 | D:4      | Reached XP level 3. HP: 23/23 MP: 5/5
   132 | D:4      | Reached skill level 1 in Unarmed Combat
   152 | D:5      | Entered Level 5 of the Dungeon
   175 | D:5      | Noticed a sky beast
   187 | D:5      | Killed a sky beast
   187 | D:5      | Reached skill level 3 in Unarmed Combat
   187 | D:5      | Reached XP level 4. HP: 28/28 MP: 6/6
   187 | D:5      | Reached XP level 5. HP: 33/33 MP: 7/7
   215 | D:5      | You fall into a shaft and drop 2 floors!
   216 | D:7      | Noticed Pikel
   216 | D:7      | Noticed a slave
   216 | D:7      | Noticed a slave
   216 | D:7      | Noticed a slave
   216 | D:7      | Noticed a slave
   218 | D:7      | Noticed Joseph
   230 | D:7      | Killed Joseph
   230 | D:7      | Reached skill level 5 in Unarmed Combat
   230 | D:7      | Reached XP level 6. HP: 26/38 MP: 8/8
   242 | D:7      | Killed Pikel
   242 | D:7      | Reached skill level 6 in Unarmed Combat
   242 | D:7      | Reached XP level 7. HP: 8/43 MP: 9/9
   276 | D:7      | Found a staircase to the Ecumenical Temple.
   286 | Temple   | Entered the Ecumenical Temple
   310 | Temple   | Became a worshipper of Xom the Begetter of Discontinuities
   320 | Temple   | XOM: silly message
   437 | D:7      | Found a hazy altar of Hepliaklqana.
   442 | D:7      | Killed Menkaure
   483 | D:7      | XOM: divination: detect items
   486 | D:8      | XOM: stealth player
   492 | D:8      | XOM: potion effect (haste)
   511 | D:8      | XOM: silly message
   619 | D:8      | Found a staircase to the Lair.
   621 | D:8      | Noticed a warg
   626 | D:8      | XOM: divination: detect creatures
   629 | D:8      | XOM: divination: detect items
   632 | D:8      | XOM: divination: magic mapping
   633 | D:8      | XOM: smoke on damage
   645 | D:8      | Annihilated by an ogre

Illustrated notes

Levels and vault maps discovered:
D:1:      dpeg_arrival_caged_fury, layout_loops_cross
D:2:      layout_loops_corners, grunt_decor_mini_mirrors,
          uniq_crazy_yiuf_cottage
D:4:      layout_basic, elyvilon_altar_3, first_ration,
          gammafunk_ghost_necromancy
D:5:      layout_loops_corners, gammafunk_ghost_arena, uniq_ijyb,
          uniq_blork_the_orc
D:7:      layout_basic, kennysheep_little_box,
          minmay_temple_entry_statues_fountains, uniq_joseph, uniq_menkaure,
          uniq_pikel
D:8:      layout_cave_pods, minitemple, erik_lair_orcish_takeover,
          gup_ossuary_entry_pyramid, uniq_grum
Temple:   jpeg_temple_clearing

Skill      XL: |  1  2  3  4  5  6 |
---------------+-------------------+-----
Stealth        | 4 |  4.0
Unarmed Combat | 3 5 6 |  6.9
Fighting       | |  1.0
Short Blades   | |  1.0
Dodging        | |  2.0
Evocations     | |  3.2

Action                   |  1- 3 |  4- 6 |  7- 9 || total
-------------------------+-------+-------+-------++-------
Melee: Short sword       |     1 |     3 |       ||     4
       Constrict         |       |     1 |     1 ||     2
       Unarmed           |       |       |     4 ||     4
Evoke: Wand              |     9 |     8 |     8 ||    25
  Use: Potion            |       |       |     2 ||     2
       Scroll            |       |       |     1 ||     1
 Stab: Sleeping          |     1 |       |       ||     1
Armor: Skin              |       |       |     1 ||     1
Dodge: Dodged            |       |     1 |     4 ||     5

Table legend:
 A = Non-vault XP
 B = Vault XP
 C = Vault XP percentage of total XP
 D = Non-vault monster count
 E = Vault monster count
 F = Vault count percentage of total count
                 A         B        C        D         E       F
            +---------+---------+-------+---------+---------+-------
      Total |     262 |     529 |  66.9 |      12 |       4 |  25.0
            +---------+---------+-------+---------+---------+-------
        D:4 |      47 |       0 |   0.0 |       2 |       0 |   0.0
        D:5 |     127 |       0 |   0.0 |       1 |       0 |   0.0
        D:7 |       0 |     506 | 100.0 |       0 |       2 | 100.0
        D:8 |      88 |      23 |  20.7 |       9 |       2 |  18.2
            +---------+---------+-------+---------+---------+-------
